 Dungeon Crawl Stone Soup version 0.26-a0-154-g3d63440f56 (webtiles) character file.

Game seed: 281538188134807954

56 Flugslaktarn the Chiller (level 3, -9/16 HPs)
             Began as a Vine Stalker Ice Elementalist on June 30, 2020.
             Was an Initiate of Cheibriados.
             Mangled by an ice beast (11 damage)
             ... on level 5 of the Dungeon.
             The game lasted 00:03:42 (827 turns).

Flugslaktarn the Chiller (VSIE)                      Turns: 827, Time: 00:03:43

Health: -9/16      AC:  2    Str: 11    XL:     3   Next: 97%
Magic:  0/8        EV: 11    Int: 17    God:    Cheibriados [......]
Gold:   80         SH:  3    Dex: 15    Spells: 4/8 levels left

rFire    . . .     SeeInvis .   m - +0 trident
rCold    . . .     Faith    .   g - +0 buckler
rNeg     . . .     Spirit   +   p - +0 robe {MR+}
rPois    .         Reflect  .   (no helmet)
rElec    .         Harm     .   (no cloak)
rCorr    .                      (no gloves)
MR       +....                  (no boots)
Stlth    ++........             (no amulet)
HPRegen  0.05/turn              (no ring)
MPRegen  0.11/turn              (no ring)

@: very slow
A: fangs 2, magic shield, antimagic bite, no potion heal 3, rot immunity
a: Bend Time, Renounce Religion


You were on level 5 of the Dungeon.
You worshipped Cheibriados.
Cheibriados was noncommittal.
You were not hungry.

You visited 2 branches of the dungeon, and saw 6 of its levels.

You collected 80 gold pieces.

Inventory:

Hand Weapons
 b - a +0 short sword
   (You found it on level 1 of the Dungeon)
 m - a +0 trident (weapon)
   (You found it on level 3 of the Dungeon)
Armour
 a - a +0 robe
 g - a +0 buckler (worn)
   (You found it on level 1 of the Dungeon)
 p - a +0 robe of magic resistance (worn)
   (You found it on level 4 of the Dungeon)
Wands
 n - a wand of flame (26)
   (You found it on level 4 of the Dungeon)
Scrolls
 e - 3 scrolls of enchant weapon {unknown}
 l - 4 scrolls of identify {unknown}
 o - 2 scrolls of enchant armour {unknown}
Potions
 d - a potion of heal wounds {unknown}
 f - a potion of degeneration {unknown}
 h - 2 potions of might {unknown}
 i - 2 potions of curing
 j - 2 potions of lignification {unknown}
 k - a potion of berserk rage {unknown}
Comestibles
 c - 3 rations


   Skills:
 - Level 1.5 Dodging
 - Level 2.4 Stealth
 + Level 3.3 Spellcasting
 + Level 4.7 Ice Magic


You had 4 spell levels left.
You knew the following spells:

 Your Spells              Type           Power        Failure   Level  Hunger
a - Freeze                Ice            ###.         4%          1    None
b - Frozen Ramparts       Ice            ###...       12%         3    ###....

Your spell library contained the following spells:

 Spells                   Type           Power        Failure   Level  Hunger
 Ozocubu's Armour         Chrm/Ice       ##......     32%         3    ###....
 Hailstorm                Conj/Ice       ##......     71%         4    ####...
 Summon Ice Beast         Ice/Summ       ##......     71%         4    ####...


Dungeon Overview and Level Annotations

Branches:
Dungeon (5/15)             Temple (1/1) D:4

Altars:
Ashenzari
Cheibriados
Dithmenos
Hepliaklqana
Kikubaaqudgha
Makhleb
Nemelex Xobeh
Okawaru
Ru
Sif Muna
Uskayaw
Vehumet
Wu Jian
The Shining One

Annotations:
D:4 1 runed translucent door, Flugslaktarn's ghost, weakling VSIE


Innate Abilities, Weirdness & Mutations

You have extremely sharp teeth.
When hurt, damage is shared between your health and your magic reserves.
Your bite disrupts and absorbs the magic of your enemies.
Potions cannot restore your health.
You are immune to rotting.


Message History

You finish taking off your +0 robe.
You start putting on your armour.
You continue putting on your runed robe. x5
You finish putting on your +0 robe of magic resistance.
You feel resistant to hostile enchantments.
Found 4 gold pieces.
Found an escape hatch in the ceiling.
You now have 76 gold pieces (gained 7).
Found a scroll labeled XECHUGH RETAPT and 17 sling bullets.
You now have 80 gold pieces (gained 4).
o - 2 scrolls labeled XECHUGH RETAPT (gained 1)
Found an escape hatch in the floor.
The bullfrog gives a loud, deep croak!
The adder hisses angrily.
Found 11 gold pieces.
The bullfrog swells and bulges.
There is an escape hatch in the floor here.
Really go through this one-way escape hatch?
You slide downwards.
The hatch slams shut behind you.
Found a ration and a scroll labeled WUHALU DUIR.
Unknown command.
An ice beast comes into view.
You see here a ration.
You see here a scroll labeled WUHALU DUIR.
e - 3 scrolls labeled WUHALU DUIR (gained 1)
The ice beast hits you. The ice beast freezes you!
Ouch! That really hurt!
* * * LOW HITPOINT WARNING * * *
The ice beast barely misses you. The ice beast barely misses you.
The ice beast hits you but does no damage.
Found a fustibalus.
You block the ice beast's attack. The ice beast barely misses you.
You block the ice beast's attack. The ice beast hits you.
* * * LOW HITPOINT WARNING * * *
The ice beast freezes you.
* * * LOW HITPOINT WARNING * * *
Okay, then.
You block the ice beast's attack. The ice beast closely misses you.
The ice beast misses you. You block the ice beast's attack.
Unknown command.
Okay, then.
It was a potion of curing.
That felt strangely inert.
The ice beast hits you.
* * * LOW HITPOINT WARNING * * *
The ice beast freezes you!
Ouch! That really hurt!
You die...

#......... #.........
## #......... ..#
#....).... ...#
#.........
#...####.........
#....#..........
..#....@###
#.##..#.Y.## #.
#.####..#
##.##.#####.######
#.................#
####.................#
.....................#
###...%.............#
#.................#


You could see an ice beast.

Vanquished Creatures
  An adder (D:4)
  A howler monkey skeleton (D:4)
  3 dart slugs (D:1)
  3 leopard geckos (D:1)
  2 ball pythons (D:1)
  A bat (D:1)
  A giant cockroach (D:1)
  2 goblins
  7 hobgoblins
  2 jackals (D:4)
  2 kobolds
  A rat (D:2)
26 creatures vanquished.

Notes
Turn   | Place    | Note
-------+----------+-------------------------------------------
     0 | D:1      | Flugslaktarn the Vine Stalker Ice Elementalist began the
                  | quest for the Orb.
     0 | D:1      | Reached XP level 1. HP: 9/9 MP: 4/4
    45 | D:1      | Reached XP level 2. HP: 7/13 MP: 0/6
   288 | D:1      | Reached XP level 3. HP: 6/16 MP: 1/8
   375 | D:2      | Learned a level 3 spell: Frozen Ramparts
   607 | D:4      | Found a staircase to the Ecumenical Temple.
   616 | Temple   | Entered the Ecumenical Temple
   650 | Temple   | Became a worshipper of Cheibriados the Contemplative
   777 | D:4      | Found a runed translucent door.
   778 | D:4      | Noticed a bullfrog
   779 | D:4      | Noticed Flugslaktarn's ghost (weakling VSIE)
   785 | D:5      | Entered Level 5 of the Dungeon
   787 | D:5      | Noticed an ice beast
   827 | D:5      | Mangled by an ice beast

Illustrated notes

Levels and vault maps discovered:
D:1:      ebering_hopf_link, layout_loops_ring, minmay_hexomino_f4
D:2:      layout_basic, lemuel_round_altar, first_ration
D:3:      layout_rooms, grunt_qazlal_sundering,
          chequers_ecumenical_altar_simple_redux
D:4:      layout_cave_pools, lemuel_coloured_pillars_altar,
          minmay_temple_entry_drinking_statues, ebering_ghost_sewer_f,
          corexii_hall_statues_u
D:5:      layout_rooms
Temple:   nicolae_temple_great_sept

Skill      XL: |  1  2  3 |
---------------+----------+-----
Spellcasting   | 3 |  3.3
Dodging        | |  1.5
Stealth        | |  2.4
Ice Magic      | |  4.7

Action                   || total
-------------------------++-------
Melee: Short sword       ||    16
       Bite              ||     8
       Trident           ||     9
 Cast: Freeze            ||    24
       Frozen Ramparts   ||     4
  Use: Potion            ||     1
 Stab: Sleeping          ||     3
Armor: Robe              ||    10
Dodge: Dodged            ||    29
Block: Buckler           ||     7

Table legend:
 A = Non-vault XP
 B = Vault XP
 C = Vault XP percentage of total XP
 D = Non-vault monster count
 E = Vault monster count
 F = Vault count percentage of total count
                 A         B        C        D         E       F
            +---------+---------+-------+---------+---------+-------
      Total |      73 |       8 |   9.9 |      23 |       3 |  11.5
            +---------+---------+-------+---------+---------+-------
        D:1 |      33 |       8 |  19.5 |      14 |       3 |  17.6
        D:2 |       7 |       0 |   0.0 |       4 |       0 |   0.0
        D:3 |       1 |       0 |   0.0 |       1 |       0 |   0.0
        D:4 |      32 |       0 |   0.0 |       4 |       0 |   0.0
            +---------+---------+-------+---------+---------+-------
